 Dungeon Crawl Stone Soup version 0.29.1 (webtiles) character file.

Game seed: 7949129780452780246

61 qw the Chopper (level 4, -5/28 HPs)
             Began as a Gargoyle Fighter on Sept 13, 2022.
             Slain by Sigmund
             ... wielding a +0 scythe
              (8 damage)
             ... on level 2 of the Dungeon.
             The game lasted 00:00:32 (1455 turns).

qw the Chopper (Gargoyle Fighter)                   Turns: 1455, Time: 00:00:32

Health: -5/28      AC: 10    Str: 21    XL:     4   Next: 7%
Magic:  4/4        EV:  9    Int:  9    God:
Gold:   77         SH:  4    Dex:  9    Spells: 3/3 levels left

rFire   . . .      SeeInvis .   Y - +1 war axe
rCold   . . .      Faith    .   c - +0 buckler
rNeg    + . .      Spirit   .   b - +0 scale mail
rPois   inf        Reflect  .   (no helmet)
rElec   +          Harm     .   (no cloak)
rCorr   .          Rampage  .   (no gloves)
Will    .....                   (no boots)
Stlth   ..........              (no amulet)
HPRegen 0.09/turn               (no ring)
MPRegen 0.09/turn               (no ring)

@: no status effects
A: sickness immunity, AC +3, negative energy resistance 1, electricity
resistance, torment resistance 1, petrification resistance
a: no special abilities


You were on level 2 of the Dungeon.
You visited 1 branch of the dungeon, and saw 2 of its levels.

You collected 77 gold pieces.


Innate Abilities, Weirdness & Mutations

You are immune to sickness and miasma.
Your stone body is resilient. (AC +3)
You are immune to poison.
You resist negative energy. (rN+)
You are resistant to electric shocks. (rElec)
You are resistant to unholy torment.
You are immune to petrification.


   Skills:
 - Level 3.2 Fighting
 + Level 3.8 Axes
 - Level 3.2 Armour
 - Level 3.2 Shields


You had 3 spell levels left.
You didn't know any spells.
Your spell library was empty.

Inventory:

Hand Weapons
 e - a +0 flail
 Y - a +1 war axe (weapon)
Armour
 b - a +0 scale mail (worn)
 c - a +0 buckler (worn)
Potions
 a - a potion of flight {unknown}
 d - a potion of might
 f - a potion of brilliance {unknown}
 g - a potion of attraction {unknown}
 h - a potion of invisibility {unknown}

Dungeon Overview and Level Annotations

Branches:
Dungeon (2/15)

Altars:

Shops:
D:1 [

Annotations:
D:2 Sigmund


Message History

HP restored.
There is a stone staircase leading down here.
Found 5 stones.
Sigmund the Dreaded comes into view.
He is wielding a +0 scythe.
Sigmund shouts!
Sigmund barely misses you.
You see here 5 stones.
You completely miss Sigmund. Sigmund closely misses you.
You closely miss Sigmund.
Sigmund points at you and mumbles some strange words.
The puff of flame misses you.
You closely miss Sigmund. Sigmund hits you with a +0 scythe.
You closely miss Sigmund. Sigmund casts a spell at you.
You are confused.
Sigmund hits you with a +0 scythe.
You slash Sigmund!
Sigmund is moderately wounded.
Sigmund hits you with a +0 scythe!
Sigmund mumbles some strange words.
Sigmund flickers and vanishes!
Deactivating autopickup; reactivate with Ctrl-A.
You're too confused to attack without stumbling around!
There is a strange disturbance nearby!
You feel less confused. Something hits you.
You closely miss something. Something hits you.
You barely miss something. You block something's attack.
You miss something.
You hear some strange, mumbled words.
Something tries to affect you, but you resist.
You miss something. You block something's attack.
You miss something. Something hits you!
You die...

................ ..
.......##.#..... ..
.... ........... #.
.... ......#.....
#. ...
.........%... #.
#.# #............
##.##.#
#....>.#.....
#.....#
#...........
#...@.#
#.....##....
#..{(.#
##..........
#####.#
#...........
###.####...........
#....>.#.#.........
#............##....
#........##...##...
#..................
###########......##


There were no monsters in sight!

Vanquished Creatures
  A gnoll (D:1)
  An adder (D:2)
  A worm (D:2)
  3 dart slugs (D:1)
  5 endoplasms
  2 giant cockroaches
  A goblin (D:1)
  3 hobgoblins
  2 jackals (D:1)
  A quokka (D:2)
  4 ball pythons
  3 bats (D:2)
  2 frilled lizards (D:2)
  3 kobolds (D:1)
  A rat (D:2)
33 creatures vanquished.

Notes
Turn   | Place    | Note
-------+----------+-------------------------------------------
     0 | D:1      | qw the Gargoyle Fighter began the quest for the Orb.
     0 | D:1      | Reached XP level 1. HP: 14/14 MP: 1/1
     0 | D:1      | 0 ||| qw: Version: 0.1-a-119-g272c26d
     0 | D:1      | 0 ||| qw: Game counter: 11102
     0 | D:1      | 0 ||| qw: Always use a shield: true
     0 | D:1      | 0 ||| qw: God list: Okawaru
     0 | D:1      | 0 ||| qw: Allow faded altars: false
     0 | D:1      | 0 ||| qw: Do Orc after D:15 true
     0 | D:1      | 0 ||| qw: Do second Lair branch before Depths: true
     0 | D:1      | 0 ||| qw: Lair rune preference: random
     0 | D:1      | 0 ||| qw: Plans: Normal, Zot, God:TSO, Crypt, Tomb, Pan,
                  | Slime, Hells, Zig, Abyss, Orb
     0 | D:1      | 0 ||| PLANNING D:1-11
    32 | D:1      | Reached XP level 2. HP: 15/19 MP: 2/2
   206 | D:1      | Reached skill level 3 in Axes
   271 | D:1      | Found Ifedamy's Armour Emporium.
   279 | D:1      | 279 ||| SHOPLISTING +0 chain mail (49 gold, have 11).
   279 | D:1      | 279 ||| SHOPLISTING +1 ring mail of willpower (176 gold,
                  | have 11).
   279 | D:1      | 279 ||| SHOPLISTING +6 chain mail "Vapumoep" {rC- Int+7}
                  | (541 gold, have 11).
   375 | D:1      | Reached XP level 3. HP: 22/23 MP: 3/3
   501 | D:1      | 501 ||| Stepping ~*~*~tactically~*~*~ (hiding).
  1051 | D:1      | 1051 ||| READING scroll labelled EHUNUFOMEUB.
  1052 | D:1      | 1052 ||| READING scroll labelled WEMUUMOISI.
  1053 | D:1      | 1053 ||| READING scroll labelled VUOLIAB ATHRO.
  1054 | D:1      | 1054 ||| READING scroll labelled BIGOT KUTUFIO.
  1055 | D:1      | 1055 ||| READING 2 scrolls labelled IMPOGU ATRI.
  1056 | D:1      | 1056 ||| DROPPING scroll of amnesia.
  1069 | D:2      | 1069 ||| STAIRDANCE
  1072 | D:2      | 1072 ||| Stepping ~*~*~tactically~*~*~ (stealth).
  1076 | D:2      | 1076 ||| Stepping ~*~*~tactically~*~*~ (stealth).
  1085 | D:2      | 1085 ||| FLEEEEING.
  1086 | D:2      | 1086 ||| FLEEEEING.
  1087 | D:2      | 1087 ||| STAIRDANCE
  1342 | D:2      | Reached XP level 4. HP: 28/28 MP: 4/4
  1440 | D:2      | Noticed Sigmund
  1450 | D:2      | HP: 4/28 [something (5)]
  1455 | D:2      | Slain by Sigmund

Levels and vault maps discovered:
D:1:      beargit_arrival_diablo_church, layout_basic, serial_shops,
          nicolae_shop_trees, kennysheep_decorative_pillar,
          hangedman_decor_points, minmay_box_of_dots
D:2:      layout_rooms, hangedman_decor_push, uniq_sigmund

Skill      XL: |  1  2 |
---------------+-------+-----
Axes           | 2 3 |  3.8
Fighting       | |  3.2
Armour         | |  3.2
Shields        | |  3.2

Action                   |  1- 3 |  4- 6 || total
-------------------------+-------+-------++-------
Melee: War axe           |    79 |    15 ||    94
  Use: Scroll            |     5 |       ||     5
Armor: Scale mail        |    46 |       ||    46
Dodge: Dodged            |    43 |     4 ||    47
Block: Buckler           |    17 |     3 ||    20

Table legend:
 A = Non-vault XP
 B = Vault XP
 C = Vault XP percentage of total XP
 D = Non-vault monster count
 E = Vault monster count
 F = Vault count percentage of total count
                 A         B        C        D         E       F
            +---------+---------+-------+---------+---------+-------
      Total |      79 |       9 |  10.2 |      29 |       4 |  12.1
            +---------+---------+-------+---------+---------+-------
        D:1 |      40 |       9 |  18.4 |      13 |       4 |  23.5
        D:2 |      39 |       0 |   0.0 |      16 |       0 |   0.0
            +---------+---------+-------+---------+---------+-------
